 Dungeon Crawl Stone Soup version 0.21-a0-84-g85d6d27 (webtiles) character file.

34 HallandMoats the Skirmisher (level 3, -6/29 HPs)
             Began as a Demonspawn Fighter on July 2, 2017.
             Killed by nerve-wracking pain
             ... invoked by an orc priest
              (14 damage)
             ... on level 2 of the Dungeon.
             The game lasted 00:01:42 (973 turns).

HallandMoats the Skirmisher (Demonspawn Fighter)     Turns: 973, Time: 00:01:42

Health: -6/29      AC:  6    Str: 16    XL:     3   Next: 14%
Magic:  3/3        EV:  7    Int:  9    God:
Gold:   34         SH:  8    Dex: 13    Spells: 2/2 levels left

rFire    . . .     SeeInvis .   a - +0 war axe
rCold    + . .     Gourm    .   c - +0 shield
rNeg     . . .     Faith    .   b - +0 scale mail
rPois    .         Spirit   .   (no helmet)
rElec    .         Reflect  .   (no cloak)
rCorr    .         Harm     .   (no gloves)
MR       .....                  (no boots)
Stlth    ..........             (no amulet)
HPRegen  0.09/turn              (no ring)
MPRegen  0.08/turn              (no ring)

@: no status effects
A: cold resistance 1
a: no special abilities


You were on level 2 of the Dungeon.
You were not hungry.

You visited 1 branch of the dungeon, and saw 2 of its levels.

You collected 34 gold pieces.

Inventory:

Hand Weapons
 a - a +0 war axe (weapon)
Armour
 b - a +0 scale mail (worn)
 c - a +0 shield (worn)
 n - a +0 helmet
Jewellery
 e - an uncursed ring of stealth {unknown}
 o - an uncursed ring of resist corrosion {unknown}
Scrolls
 j - a scroll of random uselessness {unknown}
 k - a scroll of teleportation {unknown}
 l - a scroll of remove curse {unknown}
 m - 5 scrolls of identify {unknown}
 p - 2 scrolls of recharging {unknown}
 q - a scroll of fog {unknown}
Potions
 d - a potion of might
 g - 2 potions of heal wounds {unknown}
 i - a potion of lignification {unknown}
Comestibles
 f - a bread ration
 h - 3 meat rations


   Skills:
 * Level 3.6 Fighting
 + Level 2.1 Axes
 + Level 2.9 Armour
 + Level 0.6 Dodging
 - Level 2.6 Shields


You had 2 spell levels left.
You didn't know any spells.

Dungeon Overview and Level Annotations

Branches:
Dungeon (2/15)

Altars:


Innate Abilities, Weirdness & Mutations

Your flesh is cold resistant. (rC+)


Message History

You closely miss the orc. The orc hits you with a flail.
* * * LOW HITPOINT WARNING * * *
You slash the orc!
You kill the orc!
Items here: ))) [[ †
Items here: ))) [[ † You start resting.
An orc priest is nearby!
The orc priest hits you with a hand axe of flaming.
* * * LOW HITPOINT WARNING * * *
The orc priest burns you.
* * * LOW HITPOINT WARNING * * *
Items here: ))) [[ † The orc wizard shouts!
You slash the orc priest!
The orc priest is almost dead.
You block the orc wizard's attack.
The orc priest mumbles some strange prayers to Beogh against you.
Pain shoots through your body!
You die...

#..#########.##....#.........
#.###........##....#######...
#####.##..#...#..................
......#$..........##...#######...
####..#o..........##.............
##.#o..... ....##...#######(..
#.##..#...#..# #.>....)..(...
#.###......o.# #.#.#######...
#..#########@#.....######....
##.........)o#.#.#...........
#############.#.#.######.#.. .
#.#.# #..#.. # #.#.# #.###. #.#.#
#.# #. #.#####.# #. #.......# #.
######### #.


You could see an orc priest and an orc wizard.

Vanquished Creatures
  4 orcs (D:2)
  4 giant cockroaches (D:1)
  6 goblins
  5 hobgoblins
  A frilled lizard (D:2)
  3 kobolds
  3 rats (D:1)
26 creatures vanquished.

Notes
Turn   | Place    | Note
-------+----------+-------------------------------------------
     0 | D:1      | HallandMoats the Demonspawn Fighter began the quest for the Orb.
     0 | D:1      | Reached XP level 1. HP: 18/18 MP: 1/1
   179 | D:1      | Gained mutation: Your flesh is cold resistant. (rC+) [demonic ancestry]
   179 | D:1      | Reached XP level 2. HP: 23/24 MP: 2/2
   926 | D:2      | Reached XP level 3. HP: 24/29 MP: 3/3
   973 | D:2      | Killed from afar by an orc priest

Vault maps used:
D:1:      mrwooster_arrival_arrow
D:2:      cheibrodos_pilgrimage, lemuel_blue_sif_altar,
          gammafunk_temple_overflow_pools, uniq_sigmund

Skill      XL: |  1 |
---------------+----+-----
Axes           | 2 |  2.1
Fighting       | |  3.6
Armour         | |  2.9
Dodging        | |  0.6
Shields        | |  2.6

Action                   || total
-------------------------++-------
Melee: War axe           ||    94
Armor: Scale mail        ||    40
Dodge: Dodged            ||    19
Block: Shield            ||    41
